 Dungeon Crawl Stone Soup version 0.28.0-1-gb440e238dd (webtiles) character file.

Game seed: 14060399782890929399

236 Woods the Sneak (level 5, -1/21 HPs)
             Began as a Felid Summoner on Feb 25, 2022.
             Was an Initiate of Yredelemnul.
             Killed by divine providence
             ... invoked by an orc priest
              (13 damage)
             ... on level 3 of the Dungeon.
             The game lasted 00:11:16 (5702 turns).

Woods the Sneak (Felid Summoner)                    Turns: 5702, Time: 00:11:17

Health: -1/21      AC:  2    Str:  4    XL:     5   Next: 77%
Magic:  9/13       EV: 19    Int: 19    God:    Yredelemnul [......]
Gold:   186        SH:  0    Dex: 16    Spells: 4/13 levels left
                                        Lives:  0   Deaths: 1

rFire   . . .      SeeInvis +   (weapon unavailable)
rCold   . . .      Faith    .   (shield unavailable)
rNeg    . . .      Spirit   .   (armour unavailable)
rPois   .          Reflect  .   (helmet unavailable)
rElec   .          Harm     .   (cloak unavailable)
rCorr   .          Rampage  .   (gloves unavailable)
Will    .....                   (boots unavailable)
Stlth   +++.......              (no amulet)
HPRegen 0.07/turn               (no ring)
MPRegen 0.13/turn               (no ring)

@: quick
A: very small, claws 1, fangs 3, see invisible, speed 1, shaggy fur 2, stealthy
paws, no weapons or thrown items, no armour, multi-lived
a: Renounce Religion, Recall Undead Harvest


You were on level 3 of the Dungeon.
You worshipped Yredelemnul.
Yredelemnul was noncommittal.
You visited 2 branches of the dungeon, and saw 5 of its levels.

You collected 186 gold pieces.

Inventory:

Jewellery
 k - a +4 ring of evasion
Scrolls
 b - a scroll of identify
 d - a scroll of torment
 e - 2 scrolls of fog
 f - 2 scrolls of teleportation
 h - a scroll of immolation {unknown}
 i - 2 scrolls of noise {unknown}
Potions
 a - a potion of heal wounds
 c - a potion of invisibility
 g - a potion of resistance {unknown}
 j - a potion of curing {unknown}
 l - a potion of magic {unknown}


   Skills:
 - Level 5.0 Dodging
 - Level 5.0 Stealth
 + Level 4.6 Spellcasting
 - Level 5.0 Summonings


You had 4 spell levels left.
You knew the following spells:

 Your Spells              Type           Power      Damage    Failure   Level
a - Summon Small Mammal   Summ           92%        N/A       1%          1
b - Call Imp              Summ           23%        N/A       2%          2
c - Call Canine Familiar  Summ           23%        N/A       4%          3
d - Summon Guardian Gole  Hex/Summ       13%        N/A       14%         3

Your spell library contained the following spells:

 Spells                   Type           Power      Damage    Failure   Level
 Summon Lightning Spire   Summ/Air       13%        N/A       41%         4


Dungeon Overview and Level Annotations

Branches:
Dungeon (4/15)             Temple (1/1) D:4

Altars:
Ashenzari
Cheibriados
Dithmenos
Elyvilon
Fedhas
Gozag
Hepliaklqana
Makhleb
Nemelex Xobeh
Okawaru
Qazlal
Ru
Sif Muna
Trog
Uskayaw
Wu Jian
Xom
Yredelemnul

Annotations:
D:4 Blork the orc


Innate Abilities, Weirdness & Mutations

You have sharp claws.
You have razor-sharp teeth.
You have supernaturally acute eyesight. (SInv)
You cover ground quickly. (Speed+)
You are covered in thick fur. (AC +2)
Your paws help you pounce on unaware monsters.
You are incapable of wielding weapons or throwing items.
You cannot wear armour.
You gain extra lives every three experience levels.


Message History

You closely miss the orc.
The orc is severely wounded.
Your bat hits the orc. x2
The orc dies!
An orc priest is nearby!
An orc priest is nearby!
What are your orders? t - Meow!
Orders for allies: a - Attack new target. r - Retreat! s - Stop attacking. g - Guard the area. f - Follow me.
Anything else - Cancel.
Gang up on whom?
Press: ? - help, Dir - move target, f - orc priest
Aim: an orc priest, wielding a +0 dagger and wearing a +0 leather armour Attack!
Your bat disappears in a puff of smoke!
Casting: Summon Small Mammal (safe; 1% risk of failure)
Confirm with . or Enter, or press ? or * to list all spells.
The orc priest hits something with a +0 dagger.
Casting: Summon Small Mammal (safe; 1% risk of failure)
Confirm with . or Enter, or press ? or * to list all spells.
The spell is quite dangerous to miscast (4% risk of failure)!
Continue anyway?
The orc priest mumbles some strange prayers to Beogh against you.
Beogh smites you!
Your adder zombie bites the orc priest.
Your crimson imp blinks!
The orc priest hits your adder zombie with a +0 dagger.
Your adder zombie bites the orc priest.
Your adder zombie bites something but does no damage.
Something hits your adder zombie.
Your adder zombie barely misses something.
You swap places.
Your crimson imp barely misses the orc priest.
Your adder zombie bites the orc priest but does no damage.
The orc priest mumbles some strange prayers to Beogh against you.
Beogh smites you!
Ouch! That really hurt!
You die...
Your body rises from the dead as a mindless zombie.

######..####......## #
#......[..##......###.#
#.###.................#
#.# #..............###
##.###.....#####....#
...........#
#5...#####.#
##.###..<..#
#Zo).).o.... #.#
###.### #.#..#####. #.#
#.#######@#.Z#####.#
#.#
#......).rh.........
#.#
#########)#..#####.#
#.# #....)..........#
#.# #.###.###.#######
#.# #.# #.# #.# #># #.#
#.# #.# #.# #.# #.# #(#
#.# #Z# #.# #.#


You could see an orc priest (ally target), a friendly hound (summoned), a
friendly crimson imp (summoned), a friendly adder zombie and a friendly quokka
(summoned).

Vanquished Creatures
  A gnoll (D:2)
  A dart slug (D:2)
  An orc (D:3)
  3 bats (D:1)
  2 endoplasms
  3 giant cockroaches
  4 goblins (D:2)
  3 hobgoblins (D:2)
  A ball python (D:1)
  4 kobolds
  3 rats
26 creatures vanquished.

Vanquished Creatures (collateral kills)
  A black bear (D:4)
  3 orc priests (D:3)
  Crazy Yiuf (D:2)
  A bullfrog skeleton (D:4)
  Terence (D:2)
  Robin (D:2)
  4 adders
  3 gnolls (D:2)
  A worm (D:3)
  8 orcs
  2 ball pythons (D:3)
  6 endoplasms
  6 giant cockroaches
  14 goblins
  3 hobgoblins (D:2)
  A bat (D:2)
  3 frilled lizards
  7 kobolds
  8 rats
74 creatures vanquished.

Vanquished Creatures (others)
  A goblin zombie (D:3)
  A kobold zombie (D:3)
2 creatures vanquished.

Grand Total: 102 creatures vanquished

Notes
Turn   | Place    | Note
-------+----------+-------------------------------------------
     0 | D:1      | Woods the Felid Summoner began the quest for the Orb.
     0 | D:1      | Reached XP level 1. HP: 7/7 MP: 4/4
   550 | D:1      | Reached XP level 2. HP: 11/11 MP: 3/6
  1269 | D:1      | Learned a level 2 spell: Call Imp
  1306 | D:2      | Reached XP level 3. HP: 14/14 MP: 1/7
  1577 | D:2      | Noticed Terence
  1592 | D:2      | Killed Terence
  1593 | D:2      | Reached XP level 4. HP: 4/18 MP: 0/9
  1923 | D:2      | Found a faded altar of an unknown god.
  2147 | D:2      | Found a runed translucent door.
  2148 | D:2      | Noticed Crazy Yiuf
  2788 | D:2      | Noticed Robin
  2791 | D:2      | Reached XP level 5. HP: 21/21 MP: 5/10
  2807 | D:2      | Killed Robin
  3022 | D:2      | Learned a level 3 spell: Call Canine Familiar
  3026 | D:2      | Learned a level 3 spell: Summon Guardian Golem
  3068 | D:2      | Identified the +12 falchion of Objectivity {vorpal, *Rage
                  | rF+ rC+ Str+3}
  3495 | D:2      | Killed Crazy Yiuf
  4100 | D:3      | Reached skill level 5 in Stealth
  4101 | D:3      | Reached skill level 5 in Summonings
  4191 | D:3      | Gained mutation: You are covered in thick fur. (AC +2)
                  | [Felid growth]
  4191 | D:3      | Reached XP level 6. HP: 22/24 MP: 12/12
  4436 | D:3      | Identified the +8 rapier "Ihall" {flame, rN+ Will+ Int+4
                  | SInv}
  4492 | D:3      | You fall into a shaft and drop 1 floor!
  4610 | D:4      | Noticed Blork the orc
  4627 | D:4      | Found a staircase to the Ecumenical Temple.
  4636 | Temple   | Entered the Ecumenical Temple
  4720 | Temple   | Became a worshipper of Yredelemnul the Dark
  4898 | D:4      | Reached skill level 5 in Dodging
  5619 | D:3      | Killed from afar by an orc priest
  5620 | D:3      | Reached XP level 5. HP: -1/21 MP: 6/13
  5702 | D:3      | Killed from afar by an orc priest

Illustrated notes

Levels and vault maps discovered:
D:1:      dpeg_arrival_concentric_ovals, layout_loops_cross
D:2:      layout_loops_ring, shapermc_ecumenical_altar_mp_highgroup,
          bh_walls_and_bars, uniq_crazy_yiuf_cottage, uniq_robin, uniq_terence
D:3:      layout_loops_ring, minmay_checkerbox
D:4:      layout_basic, minmay_temple_entry_poolview, uniq_blork_the_orc,
          uniq_duvessa, uniq_eustachio
Temple:   compressed_dpeg_circular_temple

Skill      XL: |  1  2  3  4  5  6 |
---------------+-------------------+-----
Stealth        | 3 4 5 |  5.0
Dodging        | 3 4 5 |  5.0
Spellcasting   | 3 4 |  4.6
Summonings     | 5 |  5.0

Action                   |  1- 3 |  4- 6 || total
-------------------------+-------+-------++-------
Melee: Unarmed           |    20 |    67 ||    87
       Bite              |     1 |    14 ||    15
 Cast: Summon Small Mamm |    42 |    47 ||    89
       Call Imp          |     6 |    17 ||    23
       Call Canine Famil |       |    18 ||    18
Invok: Recall Undead Har |       |     1 ||     1
  Use: Scroll            |       |     5 ||     5
 Stab: Sleeping          |     2 |     2 ||     4
Armor: Skin              |     4 |     4 ||     8
Dodge: Dodged            |    17 |    46 ||    63
